 Dungeon Crawl Stone Soup version 0.19-a0-1511-g16f215b (webtiles) character file.

239400 Amnesiac the Maledictor (level 18, -11/95 HPs)
             Began as a Felid Enchanter on Sept 10, 2016.
             Was the Champion of Dithmenos.
             Mangled by an azure jelly (22 damage)
             ... on level 5 of the Pits of Slime on Sept 11, 2016.
             The game lasted 02:47:11 (52169 turns).

Amnesiac the Maledictor (Felid Enchanter)          Turns: 52169, Time: 02:47:13

Health: -11/95     AC:  5    Str:  6 (7)  XL:     18   Next: 59%
Magic:  34/44      EV: 34    Int: 19 (20) God:    Dithmenos [******]
Gold:   1638       SH:  0    Dex: 21      Spells: 13 memorised, 1 level left
                                        Lives:  0   Deaths: 5

rFire  . . .     SeeInvis +       - Unarmed
rCold  + . .     Gourm    .     (armour unavailable)
rNeg   . . .     Faith    .     (shield unavailable)
rPois  .         Spirit   .     (helmet unavailable)
rElec  .         Dismiss  .     (cloak unavailable)
rCorr  +         Reflect  .     (gloves unavailable)
MR     ++...     Harm     .     (boots unavailable)
Stlth  ++++++++++ Rnd*Rage +    v - amulet of magic regeneration
                                R - ring "Ranif" {MP+9 Str+3 Stlth+}
                                p - ring of resist corrosion

@: about to teleport, wreathed by umbra, quick
A: no armour, no weapons or thrown items, antennae 1, claws 1, fangs 3, thin
metallic scales 1, see invisible, berserk 2, carnivore 3, deterioration 1, speed
1, sense surroundings 1, robust 1, shaggy fur 3, slow metabolism 1, subdued
magic 1, MP-powered wands, sharp paws
a: Shadow Step, Shadow Form, Renounce Religion
}: 2/15 runes: decaying, gossamer


You were on level 5 of the Pits of Slime.
You worshipped Dithmenos.
Dithmenos was exalted by your worship.
You were very full.

You visited 8 branches of the dungeon, and saw 40 of its levels.
You also visited: Labyrinth, Bailey and Ice Cave.

You collected 3415 gold pieces.
You spent 1777 gold pieces at shops.

Inventory:

Jewellery
 a - a +3 ring of protection
 h - an uncursed ring of flight
 l - an uncursed ring of protection from fire
 o - an uncursed ring of positive energy
 p - a ring of resist corrosion (left paw)
 s - an uncursed ring of stealth
 v - an amulet of magic regeneration (around neck)
 C - an uncursed ring of ice
 D - an uncursed ring of stealth
 I - an uncursed ring of fire
 J - an uncursed ring of protection from magic
 K - an uncursed ring of wizardry
 O - the ring of Luajek {-Tele rN+ MR++}
   (You found it on level 4 of the Spider Nest)

   [ring of positive energy]

   It protects you from negative energy.
   It affects your resistance to hostile enchantments.
   It prevents most forms of teleportation.
 R - the ring "Ranif" (right paw) {MP+9 Str+3 Stlth+}
   (You found it on level 1 of the Spider Nest)

   [ring of magical power]

   It affects your strength (+3).
   It affects your magic capacity (+9).
   It makes you more stealthy.
 X - an uncursed ring of magical power
 Z - an uncursed ring of protection from cold
Wands
 r - a wand of digging (11/24)
 A - a wand of teleportation (1/9)
 B - a wand of heal wounds (3/9)
 G - a wand of enslavement (9/24)
 M - a wand of disintegration (4/24)
Scrolls
 c - 3 scrolls of fear
 e - 4 scrolls of magic mapping
 j - 8 scrolls of remove curse
 u - a scroll of fog
 F - a scroll of holy word
 T - a scroll of amnesia
 U - 8 scrolls of identify
 W - 7 scrolls of recharging
Potions
 f - 12 potions of curing
 k - 4 potions of cancellation
 n - 3 potions of flight
 q - a potion of ambrosia
 w - 4 potions of haste
 z - a potion of invisibility
 H - 3 potions of heal wounds
 V - 2 potions of might
 Y - 4 potions of brilliance
Books
 d - a book of Enchantments

   Spells                             Type                      Level
   a - Cause Fear                     Hexes                        4
   b - Yara's Violent Unravelling     Hexes/Transmutation          5
   c - Silence                        Hexes/Air                    5
   d - Deflect Missiles               Charms/Air                   6
   e - Haste                          Charms                       6
   f - Discord                        Hexes                        8
 m - a book of Death

   Spells                             Type                      Level
   a - Corpse Rot                     Necromancy                   2
   b - Sublimation of Blood           Necromancy                   2
   c - Agony                          Necromancy                   5
   d - Dispel Undead                  Necromancy                   5
   e - Excruciating Wounds            Charms/Necromancy            5
   f - Bolt of Draining               Conjuration/Necromancy       5
 x - a book of Minor Magic

   Spells                             Type                      Level
   a - Magic Dart                     Conjuration                  1
   b - Blink                          Translocation                2
   c - Call Imp                       Summoning                    2
   d - Repel Missiles                 Charms/Air                   2
   e - Slow                           Hexes                        2
   f - Conjure Flame                  Conjuration/Fire             3
   g - Mephitic Cloud                 Conjuration/Poison/Air       3
 E - a book of Geomancy

   Spells                             Type                      Level
   a - Sandblast                      Earth                        1
   b - Passwall                       Transmutation/Earth          2
   c - Stone Arrow                    Conjuration/Earth            3
   d - Petrify                        Transmutation/Earth          4
   e - Lee's Rapid Deconstruction     Earth                        5
 L - the Tome of the Bull
   (You found it on level 3 of the Elven Halls)

   Spells                             Type                      Level
   a - Apportation                    Translocation                1
   b - Recall                         Summoning/Translocation      3
   c - Teleport Other                 Translocation                3
   d - Summon Forest                  Summoning/Translocation      5
   e - Controlled Blink               Translocation                8
 N - a book of Spatial Translocations

   Spells                             Type                      Level
   a - Apportation                    Translocation                1
   b - Blink                          Translocation                2
   c - Shroud of Golubria             Charms/Translocation         2
   d - Portal Projectile              Translocation                3
   e - Teleport Other                 Translocation                3
   f - Passage of Golubria            Translocation                4
 P - the Grimoire of Calling
   (You found it on level 3 of the Elven Halls)

   Spells                             Type                      Level
   a - Summon Butterflies             Summoning                    1
   b - Summon Small Mammal            Summoning                    1
   c - Summon Guardian Golem          Hexes/Summoning              3
   d - Recall                         Summoning/Translocation      3
   e - Summon Ice Beast               Ice/Summoning                4
 Q - the Catalogue of Translocation and Darkness
   (You found it on level 3 of the Elven Halls)

   Spells                             Type                      Level
   a - Animate Skeleton               Necromancy                   1
   b - Shroud of Golubria             Charms/Translocation         2
   c - Animate Dead                   Necromancy                   4
   d - Bolt of Draining               Conjuration/Necromancy       5
   e - Simulacrum                     Ice/Necromancy               6
 S - a book of the Warp

   Spells                             Type                      Level
   a - Gell's Gravitas                Hexes/Translocation          3
   b - Force Lance                    Conjuration/Translocation    4
   c - Summon Forest                  Summoning/Translocation      5
   d - Dispersal                      Translocation                6
   e - Controlled Blink               Translocation                8
   f - Disjunction                    Translocation                8
Comestibles
 b - 13 meat rations
 g - 17 royal jellies
 i - 3 slices of pizza
 t - 2 beef jerkies


   Skills:
 - Level 14.0 Fighting
 - Level 16.1 Dodging
 + Level 17.9 Stealth
 + Level 15.3 Unarmed Combat
 - Level 12.0 Spellcasting
 - Level 24.8 Hexes


You had one spell level left.
You knew the following spells:

 Your Spells              Type           Power        Failure   Level  Hunger
a - Repel Missiles        Chrm/Air       #.....       8%          2    None
b - Blink                 Tloc           N/A          8%          2    None
c - Invisibility          Hex            ######..     1%          6    ######.
d - Confuse               Hex            ######..     0%          3    None
e - Dazzling Spray        Conj/Hex       #####.       1%          3    None
f - Ensorcelled Hibernat  Hex/Ice        #####.       1%          2    None
g - Summon Butterflies    Summ           #.......     6%          1    None
h - Apportation           Tloc           #.........   6%          1    None
i - Fulminant Prism       Conj/Hex       #####.....   1%          4    ##.....
j - Mephitic Cloud        Conj/Pois/Air  #.......     14%         3    None
k - Tukima's Dance        Hex            ######..     0%          3    None
v - Passwall              Tmut/Erth      #.........   8%          2    None
w - Discord               Hex            ######....   1%          8    #######


Dungeon Overview and Level Annotations

Branches:
Dungeon (15/15)            Temple (1/1) D:5            Lair (6/6) D:8
  Swamp (4/4) Lair:2       Spider (4/4) Lair:3        Slime (5/5) Lair:6
    Orc (2/2) D:10            Elf (3/3) Orc:2        Vaults (0/5) D:14
 Depths (0/5) D:15

Altars:
Ashenzari
Dithmenos
Elyvilon
Fedhas
Gozag
Hepliaklqana
Kikubaaqudgha
Makhleb
Okawaru
Qazlal
Ru
Sif Muna
Trog
Uskayaw
Vehumet
Xom
Zin
The Shining One
Beogh

Shops:
D:4 ?   D:7 (   D:11 (   Orc:2 [(%*   Elf:1 ([?:

Annotations:
Spider:3 exclusion: Roxanne, Roxanne


Innate Abilities, Weirdness & Mutations

You cannot wear armour.
You are incapable of wielding weapons or throwing items.
You have sharp claws.
You have razor-sharp teeth.
You have supernaturally acute eyesight. (SInv)
You are carnivorous and can eat meat at any time.
You cover ground quickly.
Your thick and shaggy fur keeps you warm. (AC +3, rC+)
You have a slow metabolism.
Your sharp claws are effective at attacking unaware monsters.
You have a pair of small antennae on your head.
You are partially covered in thin metallic scales. (AC +2)
You often lose your temper in combat.
Your body sometimes deteriorates upon taking damage.
You passively map a small area around you.
You are robust. (+10% HP)
Your spells are a little easier to cast, but a little less powerful.
You expend magic power (3 MP) to strengthen your wands.


Message History

The slime creature quivers.
A slime creature comes into view.
You found an alarm trap!
A slime creature comes into view.
A shining eye comes into view.
Two slime creatures merge to form a large slime creature.
A slime creature and 2 golden eyes come into view.
The golden eye blinks at you. You resist with almost no effort.
Okay, then.
Evoke which item? (* to show all) (? for menu, Esc to quit)
Zapping:
A - a wand of teleportation (2/9)
Press: ? - help, Shift-Dir - straight line, f - you You feel strangely unstable.
This wand has 1 charge left.
The golden eye blinks at you. You resist with almost no effort.
The azure jelly misses you. The azure jelly hits you!
* * * LOW HITPOINT WARNING * * *
The azure jelly freezes you!! You resist.
You die...

................#
...........J...###
..........JJ..J#.##
..................###
..................#.#
#........^.......J.##
##............J.....#
##.................###
#............J@.....#
*...................#
..................#*
.................# ,
....G........G.... * ,
.................
,...J....G......#* *
.............## ,


You could see an azure jelly, a large slime creature, 6 slime creatures, a
shining eye (sleeping) and 2 golden eyes.

Vanquished Creatures
  Rupert (Lair:3)
  A deep elf master archer (Elf:3)
  2 deep elf blademasters (Elf:3)
  2 acid blobs
  Gastronok (Lair:2)
  Donald (Elf:3)
  3 azure jellies
  The ghost of Nattefrost the Bludgeoner, a journeyman DrBe of Trog (Orc:2)
  A frost giant (IceCv)
  4 deep elf sorcerers (Elf:3)
  4 ghost moths
  2 deep elf elementalists (Elf:3)
  3 emperor scorpions (Spider:4)
  A caustic shrike skeleton (D:15)
  An entropy weaver (Spider:2)
  8 deep elf annihilators
  6 deep elf demonologists
  2 spark wasps (Spider:4)
  2 deep elf death magi (Elf:3)
  4 ettins
  A minotaur (Lab)
  3 deep elf high priests
  A great orb of eyes (Slime:3)
  Josephine (D:13)
  A ghost crab (Swamp:4)
  17 hydras
  6 centaur warriors
  4 catoblepae
  20 dancing weapons
  11 death yaks
  5 alligators
  2 spriggan berserkers (Swamp:4)
  An orc high priest (Orc:1)
  Sonja (Lair:2)
  22 deep elf knights
  2 skeletal warriors (D:15)
  2 shambling mangroves
  A spark wasp zombie (D:15)
  2 unseen horrors
  15 deep elf archers
  4 spriggan druids (Swamp:4)
  2 wizards
  A phantasmal warrior (D:15)
  8 swamp dragons
  8 hill giants
  17 wolf spiders
  A necromancer (D:15)
  2 orc knights
  A shining eye (Slime:5)
  7 ugly things
  10 orc sorcerers
  A stone giant zombie (D:15)
  12 orb spiders
  59 deep elf magi
  3 oklob plants (Lair:6)
  4 cyclopes
  5 griffons
  3 black mambas
  5 hornets
  A black mamba (shapeshifter) (Elf:3)
  An ice statue (IceCv)
  A salamander (Lair:2)
  A fire giant skeleton (D:15)
  10 elephants
  A gargoyle (D:13)
  A torpor snail (Lair:3)
  Psyche (D:8)
  2 centaur skeletons
  2 eyes of devastation
  An efreet (D:15)
  26 spiny frogs
  A freezing wraith (D:12)
  5 rime drakes
  8 demonic crawlers
  9 komodo dragons
  The ghost of Xiguana the Ruffian, a novice VSMo (D:4)
  13 polar bears
  5 trolls
  21 jumping spiders
  8 giant leeches
  2 two-headed ogres
  Grinder (D:4)
  13 dream sheep
  34 slime creatures
  5 bog bodies
  3 boulder beetles
  16 blink frogs
  Sigmund (D:5)
  47 redbacks
  4 shadows
  6 spriggans
  18 tarantellas
  3 wyverns
  5 water elementals
  9 wraiths
  A vampire (D:15)
  50 yaks
  Eustachio (D:6)
  A hungry ghost (D:14)
  4 fire bats (Lair:2)
  A steam dragon (D:13)
  7 vampire mosquitoes
  10 hippogriffs
  Edmund (D:6)
  6 basilisks
  7 wargs
  Menkaure (D:6)
  A mottled dragon (D:13)
  5 swamp worms
  12 water moccasins
  Purgy (D:4)
  A giant eyeball (Slime:5)
  8 porcupines
  4 swamp drakes (Swamp:4)
  A phantom (D:8)
  3 ice beasts
  19 orc warriors
  An eye of draining (D:12)
  7 sky beasts
  13 wasps
  The ghost of Multipenetrator the Chopper, an amateur HOGl (D:3)
  2 black bears (D:7)
  29 wolves
  3 boggarts (D:11)
  15 ogres
  10 centaurs
  17 crocodiles
  2 big kobolds
  Blork the orc (D:4)
  2 earth elementals (Elf:1)
  25 giant frogs
  7 scorpions
  24 killer bees
  25 wights
  7 electric eels
  8 howler monkeys
  6 giant frog zombies
  12 crimson imps
  A gnoll shaman (D:4)
  4 hounds
  4 jellies
  16 orc priests
  40 orc wizards
  Crazy Yiuf (D:7)
  2 giant frog skeletons
  13 iguanas
  10 worker ants
  A hound zombie (D:8)
  A mummy (D:4)
  17 gnolls
  A howler monkey skeleton (D:5)
  25 adders
  61 river rats
  4 shadow imps
  9 oozes
  An adder skeleton (D:4)
  5 worms
  8 giant geckos
  120 orcs
  A ball python (D:7)
  9 bats
  5 giant cockroaches
  15 goblins
  19 hobgoblins
  6 jackals
  3 quokkas
  6 giant newts
  A goblin zombie (D:4)
  A jackal zombie (D:8)
  25 kobolds
  A kobold zombie (D:4)
  A quokka skeleton (D:8)
  A quokka zombie (D:8)
  11 rats
  2 butterflies (Lair:5)
  A fungus (Lair:6)
1421 creatures vanquished.

Vanquished Creatures (collateral kills)
  3 polar bears (IceCv)
  4 yaks (IceCv)
  A wolf (IceCv)
8 creatures vanquished.

Vanquished Creatures (others)
  A deep elf master archer (Elf:3)
  A deep elf annihilator (Elf:3)
  A deep elf death mage (Elf:3)
  A deep elf knight (Elf:2)
  3 deep elf magi (Elf:2)
  4 dancing weapons
  A yak (D:14)
  An orc wizard (Orc:2)
  An orc (Orc:1)
  6 fulminant prisms (Elf:3)
  27 fungi
  84 plants
  5 toadstools (Swamp:2)
136 creatures vanquished.

Grand Total: 1565 creatures vanquished

Notes
Turn   | Place    | Note
-------+----------+-------------------------------------------
     0 | D:1      | Amnesiac the Felid Enchanter began the quest for the Orb.
     0 | D:1      | Reached XP level 1. HP: 7/7 MP: 4/4
   531 | D:1      | Reached XP level 2. HP: 7/11 MP: 6/6
   615 | D:1      | Learned a level 2 spell: Ensorcelled Hibernation
   761 | D:1      | Gained mutation: Your flesh is heat resistant. (rF+) [potion of beneficial mutation]
  1354 | D:2      | Reached XP level 3. HP: 14/14 MP: 7/7
  1364 | D:2      | Learned a level 3 spell: Confuse
  1514 | D:2      | Found a blossoming altar of Fedhas.
  1590 | D:3      | Found a faded altar of an unknown god.
  1688 | D:4      | Found a sand-covered staircase.
  1690 | D:4      | Reached XP level 4. HP: 18/18 MP: 4/8
  1698 | D:4      | Noticed Xiguana's ghost (novice VSMo)
  1700 | D:4      | Noticed Purgy
  1731 | D:4      | Noticed Blork the orc
  1929 | D:3      | Noticed Multipenetrator's ghost (amateur HOGl)
  2181 | D:3      | Reached skill level 5 in Hexes
  2605 | D:3      | Killed Multipenetrator's ghost
  2605 | D:3      | Reached skill level 6 in Hexes
  2605 | D:3      | Reached XP level 5. HP: 21/21 MP: 4/9
  2661 | D:4      | Found Naser's Magic Scroll Shoppe.
  2709 | D:4      | Killed Blork the orc
  2709 | D:4      | Reached skill level 7 in Hexes
  2781 | D:4      | Noticed Grinder
  2798 | D:4      | Gained mutation: You are covered in thick fur. (AC +2) [Felid growth]
  2798 | D:4      | Reached XP level 6. HP: 24/24 MP: 5/10
  3210 | D:3      | Gained mutation: Your mind is acute. (Int +2) [potion of beneficial mutation]
  3881 | D:4      | Killed Purgy
  4163 | D:4      | Killed Xiguana's ghost
  4163 | D:4      | Reached skill level 5 in Spellcasting
  4163 | D:4      | Reached XP level 7. HP: 10/27 MP: 4/15
  4369 | D:4      | Slain by Grinder
  4370 | D:4      | Reached XP level 6. HP: -1/24 MP: 13/14
  4412 | D:4      | Reached skill level 8 in Hexes
  4541 | D:4      | Killed Grinder
  4541 | D:4      | Reached skill level 9 in Hexes
  4541 | D:4      | Reached XP level 7. HP: 18/27 MP: 12/15
  4641 | D:5      | Entered Level 5 of the Dungeon
  4641 | D:5      | Found a staircase to the Ecumenical Temple.
  4647 | Temple   | Entered the Ecumenical Temple
  4718 | Temple   | Became a worshipper of Dithmenos the Shadowed
  5226 | D:4      | Reached skill level 10 in Hexes
  5236 | D:5      | Learned a level 3 spell: Tukima's Dance
  5239 | D:5      | Learned a level 2 spell: Corpse Rot
  5243 | D:5      | Learned a level 3 spell: Dazzling Spray
  5247 | D:5      | Noticed Sigmund
  5413 | D:5      | Reached * piety under Dithmenos
  5700 | D:5      | Killed Sigmund
  5700 | D:5      | Reached skill level 5 in Unarmed Combat
  5700 | D:5      | Reached XP level 8. HP: 31/31 MP: 13/18
  5779 | D:5      | Reached skill level 5 in Stealth
  5830 | D:5      | Found an opulent altar of Gozag.
  5961 | D:5      | Found a glowing golden altar of the Shining One.
  6262 | D:5      | Found a glowing silver altar of Zin.
  6268 | D:5      | Found a bloodstained altar of Trog.
  6274 | D:5      | Found an iron altar of Okawaru.
  6438 | D:6      | Noticed Eustachio
  6468 | D:6      | Killed Eustachio
  6508 | D:6      | Noticed Menkaure
  6519 | D:6      | Killed Menkaure
  6682 | D:6      | Reached XP level 9. HP: 34/34 MP: 14/19
  6685 | D:6      | Reached ** piety under Dithmenos
  6822 | D:6      | Found a shattered altar of Ashenzari.
  7080 | D:6      | Noticed Edmund
  7085 | D:6      | Killed Edmund
  8061 | D:7      | Found Xorov's Weapon Emporium.
  8143 | D:7      | Reached skill level 10 in Stealth
  8597 | D:7      | Found a runed door.
  8702 | D:7      | Noticed Crazy Yiuf
  8706 | D:7      | Killed Crazy Yiuf
  8769 | D:8      | Noticed Psyche
  8782 | D:8      | Killed from afar by Psyche
  8783 | D:8      | Reached XP level 8. HP: -3/31 MP: 18/18
  8820 | D:8      | Reached XP level 9. HP: 34/34 MP: 19/19
  8846 | D:8      | Reached skill level 11 in Hexes
  8870 | D:8      | Reached *** piety under Dithmenos
  9091 | D:8      | Reached skill level 12 in Hexes
  9696 | D:8      | Killed Psyche
  9696 | D:8      | Reached skill level 13 in Hexes
  9722 | D:8      | Reached skill level 1 in Fighting
 10111 | D:8      | Noticed a komodo dragon
 10280 | D:8      | Reached XP level 10. HP: 42/42 MP: 17/20
 10548 | D:8      | Found a staircase to the Lair.
 10562 | Lair:1   | Entered Level 1 of the Lair of Beasts
 10581 | Lair:1   | Reached skill level 5 in Fighting
 10583 | Lair:1   | Reached **** piety under Dithmenos
 10925 | Lair:1   | Noticed an elephant
 10968 | Lair:1   | Noticed an elephant
 10968 | Lair:1   | Noticed an elephant
 10968 | Lair:1   | Noticed an elephant
 10999 | Lair:1   | Killed an elephant
 11191 | Lair:1   | Noticed an elephant
 11194 | Lair:1   | Noticed an elephant
 11246 | Lair:1   | Killed an elephant
 11590 | Lair:1   | Killed an elephant
 11599 | Lair:1   | Killed an elephant
 12229 | Lair:2   | Noticed a spiny frog
 12230 | Lair:2   | Noticed Gastronok
 12254 | Lair:1   | Reached XP level 11. HP: 50/50 MP: 18/21
 12463 | Lair:1   | Slain by an elephant
 12464 | Lair:1   | Reached XP level 10. HP: -3/47 MP: 9/20
 12503 | Lair:1   | Killed an elephant
 12713 | Lair:1   | Killed an elephant
 12731 | Lair:1   | Reached skill level 10 in Unarmed Combat
 12764 | Lair:2   | Reached skill level 5 in Dodging
 13225 | Lair:2   | Found a staircase to the Swamp.
 13363 | Lair:2   | Noticed a spiny frog
 13368 | Lair:2   | Killed a spiny frog
 13790 | Lair:2   | Killed a spiny frog
 13887 | Lair:2   | Reached XP level 11. HP: 51/51 MP: 18/21
 13999 | Lair:2   | Noticed Sonja
 14018 | Lair:2   | Killed Sonja
 14520 | Lair:2   | Killed Gastronok
 14698 | Lair:3   | Noticed a griffon
 14700 | Lair:3   | Killed a griffon
 14997 | Lair:3   | Reached ***** piety under Dithmenos
 14997 | Lair:3   | Reached skill level 10 in Fighting
 15262 | Lair:3   | Reached skill level 10 in Dodging
 15438 | Lair:3   | Found a hole to the Spider Nest.
 15476 | Lair:3   | Noticed Rupert
 15523 | Lair:3   | Killed Rupert
 15523 | Lair:3   | Gained mutation: Your thick and shaggy fur keeps you warm. (AC +3, rC+) [Felid growth]
 15523 | Lair:3   | Reached XP level 12. HP: 38/60 MP: 11/22
 16044 | Lair:3   | Noticed a five-headed hydra
 16094 | Lair:3   | Killed a five-headed hydra
 16580 | Lair:3   | Noticed a catoblepas
 16609 | Lair:3   | Killed a catoblepas
 16788 | Lair:4   | Found a labyrinth entrance.
 16860 | Lab      | Entered a labyrinth
 16866 | Lab      | Learned a level 4 spell: Fulminant Prism
 17597 | Lab      | Noticed a minotaur
 17619 | Lab      | Killed a minotaur
 17761 | Lair:5   | Noticed a four-headed hydra
 18048 | Lair:5   | Noticed a death yak
 18053 | Lair:5   | Noticed a death yak
 18053 | Lair:5   | Noticed a death yak
 18056 | Lair:5   | Noticed a death yak
 18076 | Lair:5   | Killed a death yak
 18191 | Lair:4   | Upgraded the game from 0.19-a0-1498-g0b85ae9 to 0.19-a0-1511-g16f215b
 18221 | Lair:5   | Killed a death yak
 18223 | Lair:5   | Killed a death yak
 18876 | Lair:4   | Reached XP level 13. HP: 64/66 MP: 20/23
 20979 | Lair:5   | Reached skill level 14 in Hexes
 21394 | Lair:6   | Entered Level 6 of the Lair of Beasts
 22161 | Lair:6   | Found a staircase to the Slime Pits.
 23204 | Lair:6   | Reached ****** piety under Dithmenos
 23227 | Lair:6   | Reached XP level 14. HP: 72/72 MP: 24/27
 26323 | D:10     | Entered Level 10 of the Dungeon
 26365 | D:10     | Found a staircase to the Orcish Mines.
 26981 | D:10     | Learned a level 6 spell: Invisibility
 26983 | D:10     | Learned a level 1 spell: Summon Butterflies
 26985 | D:10     | Learned a level 1 spell: Apportation
 26994 | Orc:1    | Entered Level 1 of the Orcish Mines
 27038 | Orc:1    | Reached skill level 15 in Stealth
 27941 | Orc:2    | Entered Level 2 of the Orcish Mines
 27970 | Orc:2    | Noticed Nattefrost's ghost (journeyman DrBe)
 28007 | Orc:2    | Killed Nattefrost's ghost
 28163 | Orc:2    | Found a roughly hewn altar of Beogh.
 28570 | Orc:2    | Found Ciguv's Food Boutique.
 28682 | Orc:2    | Found Laitodd's Assorted Antiques.
 28686 | Orc:2    | Bought a potion of heal wounds for 150 gold pieces
 28686 | Orc:2    | Bought a scroll of teleportation for 90 gold pieces
 28686 | Orc:2    | Bought an iron ring for 150 gold pieces
 28686 | Orc:2    | Bought a scroll labeled COGUPH MYME for 30 gold pieces
 28686 | Orc:2    | Bought a green potion for 27 gold pieces
 28723 | Orc:2    | Found a staircase to the Elven Halls.
 28728 | Orc:2    | Found a roughly hewn altar of Beogh.
 29065 | Orc:2    | Found Regig's Antique Weapon Emporium.
 29065 | Orc:2    | Found Wouddeq's Armour Boutique.
 29548 | Orc:2    | Reached XP level 15. HP: 75/75 MP: 28/28
 29609 | Elf:1    | Entered Level 1 of the Elven Halls
 29816 | Elf:1    | Found Vamnom's Magic Scroll Shoppe.
 29846 | Elf:1    | Found Plog's Book Emporium.
 29858 | Elf:1    | Bought a book of Enchantments for 950 gold pieces
 29858 | Elf:1    | Bought a book of Minor Magic for 380 gold pieces
 29872 | Elf:1    | Learned a level 2 spell: Repel Missiles
 30315 | Elf:1    | Found Zoshredorph's Antique Armour Shoppe.
 30568 | Elf:1    | Found Qiphimm's Antique Weapon Emporium.
 32027 | Elf:1    | Gained mutation: You are surrounded by a mild repulsion field. (EV +2) [potion of mutation]
 32027 | Elf:1    | Gained mutation: You are partially covered in icy blue scales. (AC +2) [potion of mutation]
 32027 | Elf:1    | Gained mutation: Your spells are a little easier to cast, but a little less powerful. [potion of mutation]
 32028 | Elf:1    | Lost mutation: Your mind is acute. (Int +2) [potion of mutation]
 32028 | Elf:1    | Gained mutation: You are resistant to electric shocks. (rElec) [potion of mutation]
 32028 | Elf:1    | Lost mutation: You are surrounded by a mild repulsion field. (EV +2) [potion of mutation]
 32174 | Elf:2    | Reached skill level 15 in Dodging
 32870 | Elf:2    | Found a runed gate.
 32870 | Elf:2    | Found a runed gate.
 32870 | Elf:2    | Found a runed gate.
 33262 | Elf:2    | Reached XP level 16. HP: 79/79 MP: 29/29
 33402 | Elf:2    | Reached skill level 15 in Hexes
 33667 | Elf:2    | Slain by a demonic crawler
 33668 | Elf:2    | Reached XP level 15. HP: 0/75 MP: 37/37
 33689 | Elf:2    | Reached skill level 16 in Hexes
 34023 | Elf:2    | Reached skill level 17 in Hexes
 34574 | Elf:3    | Entered Level 3 of the Elven Halls
 34574 | Elf:3    | Found an ancient bone altar of Kikubaaqudgha.
 34656 | Elf:3    | Noticed a deep elf sorcerer
 34689 | Elf:3    | Noticed an Ice Fiend
 35219 | Elf:3    | Killed a deep elf sorcerer
 35219 | Elf:3    | Reached skill level 18 in Hexes
 35249 | Elf:3    | Noticed a deep elf sorcerer
 35331 | Elf:3    | Killed a deep elf sorcerer
 35529 | Elf:3    | Noticed Donald
 35537 | Elf:3    | Killed Donald
 35630 | Elf:3    | Noticed an Executioner
 35971 | Elf:3    | Reached skill level 19 in Hexes
 36852 | Elf:3    | Noticed a deep elf master archer
 36860 | Elf:3    | Killed a deep elf master archer
 37139 | Elf:3    | Reached XP level 16. HP: 78/79 MP: 23/30
 37193 | Elf:3    | Noticed a deep elf blademaster
 37193 | Elf:3    | Noticed a deep elf blademaster
 37207 | Elf:3    | Killed a deep elf blademaster
 37208 | Elf:3    | Killed a deep elf blademaster
 37325 | Elf:3    | Noticed a deep elf master archer
 37336 | Elf:3    | Killed a deep elf master archer
 37338 | Elf:3    | Reached skill level 10 in Spellcasting
 38477 | Elf:3    | Learned a level 8 spell: Discord
 38491 | Elf:3    | Identified the Tome of the Bull
 38497 | Elf:3    | Learned a level 3 spell: Mephitic Cloud
 38546 | Elf:3    | Identified the Grimoire of Calling
 38549 | Elf:3    | Identified the Catalogue of Translocation and Darkness
 38753 | D:11     | Found a shadowy altar of Dithmenos.
 39089 | D:11     | Found Zymar's Weapon Shop.
 39232 | D:12     | Gained mutation: You tend to lose your temper in combat. [mutagenic meat]
 39235 | D:12     | Gained mutation: You passively map a small area around you. [mutagenic meat]
 39238 | D:12     | Gained mutation: Your flesh is very heat resistant. (rF++) [mutagenic meat]
 39238 | D:12     | Lost mutation: Your flesh is very heat resistant. (rF++) [potion of cure mutation]
 39238 | D:12     | Lost mutation: You are resistant to electric shocks. (rElec) [potion of cure mutation]
 39238 | D:12     | Lost mutation: You passively map a small area around you. [potion of cure mutation]
 39238 | D:12     | Lost mutation: You are partially covered in icy blue scales. (AC +2) [potion of cure mutation]
 39238 | D:12     | Lost mutation: Your flesh is heat resistant. (rF+) [potion of cure mutation]
 39878 | D:12     | Gained mutation: You are frail. (-10% HP) [mutagenic meat]
 39881 | D:12     | Gained mutation: You are dopey. (Int -2) [mutagenic meat]
 39884 | D:12     | Gained mutation: You passively map a small area around you. [mutagenic meat]
 40833 | D:13     | Reached skill level 20 in Hexes
 41027 | D:13     | Gained mutation: You have a pair of small antennae on your head. [mutagenic meat]
 41107 | D:13     | Noticed Josephine
 41114 | D:13     | Killed Josephine
 41745 | D:14     | Found a gate to the Vaults.
 41871 | D:14     | Found a flagged portal.
 41891 | Bailey   | Entered a bailey
 42279 | D:14     | Lost mutation: You are dopey. (Int -2) [mutagenic meat]
 42282 | D:14     | Gained mutation: You expend magic power (3 MP) to strengthen your wands. [mutagenic meat]
 42288 | D:14     | Gained mutation: Your body sometimes deteriorates upon taking damage. [mutagenic meat]
 42598 | D:15     | Entered Level 15 of the Dungeon
 42707 | D:15     | Lost mutation: You are frail. (-10% HP) [mutagenic meat]
 42710 | D:15     | Gained mutation: You often lose your temper in combat. [mutagenic meat]
 42714 | D:15     | Gained mutation: You are robust. (+10% HP) [mutagenic meat]
 42723 | D:15     | Gained mutation: You are partially covered in thin metallic scales. (AC +2) [mutagenic meat]
 42795 | D:15     | Found a staircase to the Depths.
 42798 | D:15     | Reached skill level 21 in Hexes
 43135 | D:15     | Reached XP level 17. HP: 91/91 MP: 33/33
 43219 | D:15     | Found a frozen archway.
 43231 | IceCv    | Entered an ice cave
 43463 | IceCv    | Reached skill level 22 in Hexes
 43463 | IceCv    | Reached XP level 18. HP: 95/95 MP: 34/34
 43467 | IceCv    | Learned a level 2 spell: Passwall
 44673 | Swamp:1  | Entered Level 1 of the Swamp
 44717 | Swamp:1  | Reached skill level 23 in Hexes
 44857 | Swamp:4  | Entered Level 4 of the Swamp
 46154 | Swamp:4  | Learned a level 2 spell: Blink
 47011 | Swamp:4  | HP: 4/95 [eight-headed hydra (3)]
 47011 | Swamp:4  | Mangled by an eight-headed hydra
 47012 | Swamp:4  | Reached XP level 17. HP: -9/91 MP: 30/34
 47632 | Swamp:4  | HP: 4/91 [poisoned by a swamp dragon (poison gas)]
 47640 | Swamp:4  | HP: 3/91 [poisoned by a swamp dragon (poison gas)]
 47648 | Swamp:4  | HP: 3/91 [poisoned by a swamp dragon (poison gas)]
 47666 | Swamp:4  | Got a decaying rune of Zot
 48113 | Spider:1 | Entered Level 1 of the Spider Nest
 48144 | Spider:1 | Reached skill level 24 in Hexes
 48192 | Spider:1 | Got a faintly glowing jade ring
 48247 | Spider:1 | Identified the ring "Ranif" {MP+9 Str+3 Stlth+} (You found it on level 1 of the Spider Nest)
 48684 | Spider:3 | Noticed Roxanne
 49299 | Spider:4 | Entered Level 4 of the Spider Nest
 49506 | Spider:4 | Reached XP level 18. HP: 95/95 MP: 27/35
 50020 | Spider:4 | HP: 4/95 [poisoned by a hornet]
 50026 | Spider:4 | HP: 2/95 [poisoned by a hornet]
 50032 | Spider:4 | HP: 2/95 [poisoned by a hornet]
 50040 | Spider:4 | HP: 2/95 [poisoned by a hornet]
 50460 | Spider:4 | Got a pitted amber ring
 50472 | Spider:4 | Got a gossamer rune of Zot
 50478 | Spider:4 | Identified the ring of Luajek {-Tele rN+ MR++} (You found it on level 4 of the Spider Nest)
 51617 | Slime:1  | Entered Level 1 of the Pits of Slime
 51816 | Slime:2  | Reached skill level 15 in Unarmed Combat
 52129 | Slime:5  | Entered Level 5 of the Pits of Slime
 52169 | Slime:5  | Mangled by an azure jelly

Vault maps used:
D:1:      eino_arrival_tree_alley
D:2:      fedhas_altar_2
D:3:      ecumenical_altar_1
D:4:      nicolae_ossuary_entry_giza, first_bread, serial_shops, shop_statue,
          uniq_grinder, uniq_blork_the_orc, uniq_purgy
D:5:      minitemple, tso_oasis_becter, minmay_misc_feat_rows,
          nicolae_gozag_cash_rules_everything_around_me, uniq_sigmund
D:6:      cheibrodos_ashenzari_chains, uniq_menkaure, uniq_edmund,
          uniq_eustachio
D:7:      serial_shops, shop, uniq_crazy_yiuf_cottage
D:8:      david_lair_shrubbed, uniq_psyche
D:10:     david_orc_2
D:11:     serial_shops, nicolae_shop_statue_plus,
          hangedman_little_slice_of_home, nicolae_dithmenos_the_darkroom
D:13:     uniq_josephine
D:14:     david_vaults_4, enter_bailey_3
D:15:     gammafunk_depths_entry_grave, portal_ice_cave_entry_pillars_1,
          hangedman_abyss_or_decor_passed, abandoned_shop
Temple:   eino_temple_rhombus
Lair:1:   uniq_gastronok
Lair:2:   minmay_swamp_entry_worms, serial_bayou_shore_a,
          bh_autumn_forest_stairs, uniq_sonja
Lair:3:   spider_nest_entry_web_field, serial_bayou_pond_c, serial_bayou_lake_a,
          uniq_rupert
Lair:4:   minmay_lair_venomous_thicket, lab_entry_generic
Lair:5:   nicolae_lair_yak_garden, lemuel_fruit_fields
Lair:6:   minmay_lair_end_frog_pond, minmay_slime_entry_oklob_open,
          grunt_forest_large_clearings
Swamp:1:  evilmike_swamp_ruin_house_1, infiniplex_staircase_pool
Swamp:2:  cheibrodos_swamp_tower_of_moss, serial_swamp_ruin,
          evilmike_swamp_ruin_house_3, hangedman_swamp_ruin_wall
Swamp:3:  evilmike_swamp_ruin_house_5, swamp_pool1, uniq_mara
Swamp:4:  swamp_basic_johnstein
Spider:2: spiders_nest_scorpion_pit
Spider:3: hangedman_spider_tarantella_strand, uniq_roxanne, uniq_louise
Spider:4: spider_rune_water, spider_trap
Orc:2:    st_orc_town, minmay_orc_temple_b
Elf:1:    elf_arrival_002, serial_shops, shop, nicolae_shop_statue_plus, shop,
          shop, evilmike_minifort
Elf:3:    elf_hall_gauntlet_narrow, basic_altar, uniq_donald
Lab:      labyrinth_mini_lab
Bailey:   bailey_axe_2, bailey
IceCv:    ice_cave_caverns_01

Skill      XL: |  1  2  3  4  5  6  7  8  9 10 11 12 13 14 15 16 17 18 |
---------------+-------------------------------------------------------+-----
Unarmed Combat | 2 3 4 5 6 8 10 11 14 15 | 15.3
Hexes          | 6 7 9 10 13 14 19 21 24 23 | 24.8
Spellcasting   | 5 6 8 9 11 12 | 12.0
Stealth        | 6 10 16 17 | 17.9
Dodging        | 4 8 10 12 14 16 | 16.1
Fighting       | 3 8 11 13 14 | 14.0

Action                   |  1- 3 |  4- 6 |  7- 9 | 10-12 | 13-15 | 16-18 || total
-------------------------+-------+-------+-------+-------+-------+-------++-------
Melee: Unarmed           |    74 |   187 |   400 |   339 |   847 |   932 ||  2779
       Bite              |     5 |    15 |    20 |    23 |    55 |    78 ||   196
       Punch             |       |     4 |     3 |    13 |    29 |    42 ||    91
 Cast: Corona            |     2 |       |       |       |       |       ||     2
       Ensorcelled Hiber |    14 |     8 |    75 |   230 |   342 |   147 ||   816
       Confuse           |       |    40 |    55 |    33 |   160 |    62 ||   350
       Dazzling Spray    |       |       |     8 |    21 |   251 |   280 ||   560
       Tukima's Dance    |       |       |       |     3 |       |       ||     3
       Invisibility      |       |       |       |       |    14 |     9 ||    23
       Fulminant Prism   |       |       |       |       |     6 |       ||     6
       Repel Missiles    |       |       |       |       |     5 |     2 ||     7
       Discord           |       |       |       |       |       |     4 ||     4
       Blink             |       |       |       |       |       |     3 ||     3
Evoke: Wand              |       |     4 |       |     1 |       |    13 ||    18
  Use: Potion            |     2 |     4 |     3 |     3 |    10 |    16 ||    38
       Scroll            |       |     8 |    15 |     9 |    11 |    18 ||    61
 Stab: Sleeping          |    21 |    10 |    81 |   175 |   207 |   268 ||   762
       Confused          |       |    22 |    38 |    25 |    46 |    20 ||   151
       Distracted        |       |     2 |       |     1 |     1 |     7 ||    11
       Invisible         |       |       |     4 |     1 |    67 |    72 ||   144
       Petrified         |       |       |       |       |     2 |       ||     2
  Eat: Chunk             |     7 |    11 |    25 |    22 |    47 |    55 ||   167
       Meat ration       |       |       |       |       |       |     1 ||     1
Armor: Skin              |     7 |    14 |    35 |    14 |    22 |    55 ||   147
Dodge: Dodged            |    40 |    92 |   247 |   326 |   974 |  1483 ||  3162
       Deflected         |       |       |       |       |     9 |     8 ||    17
